 Dungeon Crawl Stone Soup version 0.25-a0-566-g062765be81 (webtiles) character file.

Game seed: 11305151071389759986, levelgen mode: deterministic

60 kae the Sneak (level 3, 0/24 HPs)
             Began as a Vampire Enchanter on Feb 28, 2020.
             Succumbed to an adder's poison
             ... on level 2 of the Dungeon.
             The game lasted 00:01:26 (1517 turns).

kae the Sneak (Vampire Enchanter)                   Turns: 1517, Time: 00:01:26

Health: 0/24       AC:  2    Str:  7    XL:     3   Next: 82%
Magic:  2/6        EV: 12    Int: 18    God:
Gold:   54         SH:  0    Dex: 14    Spells: 0/6 levels left

rFire    + . .     SeeInvis +   a - +1 dagger
rCold    + . .     Gourm    .   (no shield)
rNeg     . . .     Faith    .   b - +0 robe
rPois    +         Spirit   .   (no helmet)
rElec    +         Reflect  .   (no cloak)
rCorr    +         Harm     .   (no gloves)
MR       .....                  (no boots)
Stlth    +++.......             e - amulet of magic regeneration
HPRegen  0.28/turn              (no ring)
MPRegen  0.35/turn              (no ring)

@: lethally poisoned (0 -> -5), resistant, regenerating quickly
A: no food, fangs 3, see invisible, unbreathing
a: Exsanguinate


You were on level 2 of the Dungeon.
You were alive.

You visited 1 branch of the dungeon, and saw 2 of its levels.

You collected 54 gold pieces.

Inventory:

Hand Weapons
 a - a +1 dagger (weapon)
Armour
 b - a +0 robe (worn)
Jewellery
 e - an amulet of magic regeneration (around neck)
Scrolls
 c - 3 scrolls of remove curse
 f - a scroll of amnesia
 i - 2 scrolls of teleportation {unknown}
 l - a scroll of noise {unknown}
Potions
 g - 2 potions of curing {unknown}
 h - a potion of flight {unknown}
 j - a potion of lignification {unknown}
 k - a potion of stabbing {unknown}


   Skills:
 * Level 2.6 Short Blades
 - Level 2.1 Dodging
 + Level 5.1 Stealth
 + Level 2.4 Spellcasting
 + Level 5.0 Hexes


You couldn't memorise any spells.
You knew the following spells:

 Your Spells              Type           Power        Failure   Level  Hunger
a - Corona                Hex            ###....      2%          1    N/A
b - Ensorcelled Hibernat  Hex/Ice        ##....       10%         2    N/A
c - Confusing Touch       Hex            ###.....     7%          3    N/A

Your spell library contained the following spells:

 Spells                   Type           Power        Failure   Level  Hunger
 Tukima's Dance           Hex            ###.....     7%          3    N/A
 Animate Skeleton         Necr           N/A          17%         1    N/A
 Apportation              Tloc           #.....       17%         1    N/A
 Summon Small Mammal      Summ           #...         17%         1    N/A
 Dazzling Flash           Conj/Hex       ##....       19%         3    N/A

Dungeon Overview and Level Annotations

Branches:
Dungeon (2/15)

Altars:
Fedhas
Makhleb


Innate Abilities, Weirdness & Mutations

You do not eat.
Your natural rate of healing is unusually fast.
You have razor-sharp teeth.
You have supernaturally acute eyesight. (SInv)
You can survive without breathing.


Message History

Confirm with . or Enter, or press ? or * to list all spells.
Aiming: Corona (safe; 2% risk of failure)
Press: ? - help, Shift-Dir - straight line, f/p - adder
Aim: an adder (moderately wounded, chance to defeat MR: 67%)
The adder is outlined in light.
You feel sick. The adder closely misses you. The adder bites you.
You are more poisoned.
The adder poisons you!
You barely miss the adder.
The adder is moderately wounded.
You feel sick. The adder bites you.
* * * LOW HITPOINT WARNING * * *
You hit the adder.
The adder is moderately wounded.
* * * LOW HITPOINT WARNING * * *
You feel sick. The adder bites you.
* * * LOW HITPOINT WARNING * * *
It was a potion of resistance.
You feel protected.
You die...

#..†.........#
##.#########.# #.# #.#
##### #.# #.# #.... #.#
#.# #.### #.###### #.#
#.# #......# #.# #.#
######.# #.#######.#
#@# #.........### #S#
######....... #.#
#.###### #.# #.# ##.##
#.# ### ##...##
##.###.##
###.#.#.######...#....
#.....##.#............
##.#.###.##.###...##.#.


You could see an adder.

Vanquished Creatures
  3 adders (D:2)
  A dart slug (D:2)
  A giant cockroach (D:1)
  6 goblins
  3 hobgoblins
  2 quokkas (D:2)
  4 bats
  3 frilled lizards
  6 kobolds
  3 rats
32 creatures vanquished.

Notes
Turn   | Place    | Note
-------+----------+-------------------------------------------
     0 | D:1      | kae the Vampire Enchanter began the quest for the Orb.
     0 | D:1      | Reached XP level 1. HP: 13/13 MP: 3/3
   274 | D:1      | Reached XP level 2. HP: 19/19 MP: 5/5
   802 | D:2      | Learned a level 2 spell: Ensorcelled Hibernation
   932 | D:2      | Reached XP level 3. HP: 23/24 MP: 6/6
   937 | D:2      | Learned a level 3 spell: Confusing Touch
  1087 | D:2      | Reached skill level 5 in Stealth
  1093 | D:2      | Reached skill level 5 in Hexes
  1362 | D:2      | Found a burning altar of Makhleb.
  1409 | D:2      | Found a blossoming altar of Fedhas.
  1516 | D:2      | HP: 1/24 [adder (4)]
  1517 | D:2      | Succumbed to an adder's poison

Levels and vault maps discovered:
D:1:      dpeg_arrival_orchard, layout_basic
D:2:      layout_loops_ring, lemuel_coloured_pillars_altar,
          nicolae_overflow_hidden_temple, skrybe_limestone_x,
          minmay_pentomino_w4

Skill      XL: |  1  2  3 |
---------------+----------+-----
Short Blades   | 2 |  2.6
Stealth        | 5 |  5.1
Hexes          | 5 |  5.0
Dodging        | |  2.1
Spellcasting   | |  2.4

Action                   || total
-------------------------++-------
Melee: Dagger            ||   114
       Bite              ||     5
 Cast: Corona            ||     4
       Ensorcelled Hiber ||     7
  Use: Scroll            ||     3
       Potion            ||     1
 Stab: Sleeping          ||    11
Armor: Robe              ||    23
Dodge: Dodged            ||    69

Table legend:
 A = Non-vault XP
 B = Vault XP
 C = Vault XP percentage of total XP
 D = Non-vault monster count
 E = Vault monster count
 F = Vault count percentage of total count
                 A         B        C        D         E       F
            +---------+---------+-------+---------+---------+-------
      Total |      66 |      21 |  24.1 |      28 |       4 |  12.5
            +---------+---------+-------+---------+---------+-------
        D:1 |      17 |       0 |   0.0 |      13 |       0 |   0.0
        D:2 |      49 |      21 |  30.0 |      15 |       4 |  21.1
            +---------+---------+-------+---------+---------+-------
